 Dungeon Crawl Stone Soup version 0.19.1 (webtiles) character file.

163 NoWolfie the Skirmisher (level 5, -3/41 HPs)
             Began as a Human Wanderer on Nov 27, 2016.
             Slain by a sky beast (5 damage)
             ... on level 3 of the Dungeon.
             The game lasted 00:38:42 (4134 turns).

NoWolfie the Skirmisher (Human Wanderer)            Turns: 4134, Time: 00:38:43

Health: -3/41      AC:  2    Str: 14    XL:     5   Next: 73%
Magic:  5/5        EV: 13    Int: 11    God:
Gold:   129        SH:  0    Dex: 13    Spells: 0 memorised, 4 levels left

rFire  . . .     SeeInvis .     a - +2 short sword
rCold  . . .     Gourm    .     d - +0 robe
rNeg   . . .     Faith    .     (no shield)
rPois  .         Spirit   .     (no helmet)
rElec  .         Reflect  .     (no cloak)
rCorr  .         Harm     .     (no gloves)
MR     .....                    (no boots)
Stlth  ++........               (no amulet)
                                (no ring)
                                c - ring of flight

@: no status effects
A: no striking features
a: Evoke Flight


You were on level 3 of the Dungeon.
You were not hungry.

You visited 1 branch of the dungeon, and saw 4 of its levels.

You collected 129 gold pieces.

Inventory:

Hand Weapons
 a - a +2 short sword (weapon)
 f - a +1 spear of freezing
Missiles
 h - 28 stones (quivered)
Armour
 d - a +0 robe (worn)
 i - a +0 leather armour
Jewellery
 c - a ring of flight (left hand)
Scrolls
 e - 6 scrolls of remove curse {unknown}
 j - 2 scrolls of identify {unknown}
 n - 2 scrolls of immolation {unknown}
 o - a scroll of blinking {unknown}
 p - a scroll of fear {unknown}
Potions
 b - a potion of lignification
 l - a potion of brilliance {unknown}
 m - 2 potions of heal wounds {unknown}
 r - 3 potions of degeneration {unknown}
Comestibles
 g - 3 fruits
 k - a royal jelly
 q - a beef jerky
 t - a meat ration


   Skills:
 - Level 3.1 Fighting
 - Level 3.0 Short Blades
 - Level 1.0 Throwing
 * Level 2.5 Dodging
 * Level 3.1 Stealth
   Level 2.0 Summonings
   Level 1.0 Fire Magic


You had 4 spell levels left.
You didn't know any spells.

Dungeon Overview and Level Annotations

Branches:
Dungeon (4/15)
 Temple: D:4-7

Altars:


Message History

The sky beast hits you. The sky beast shocks you.
You hit the sky beast.
The sky beast is moderately wounded.
The sky beast barely misses you.
You hit the sky beast but do no damage.
The sky beast is moderately wounded.
The sky beast hits you. The sky beast shocks you.
* * * LOW HITPOINT WARNING * * *
The sky beast hits you.
* * * LOW HITPOINT WARNING * * *
The sky beast shocks you.
* * * LOW HITPOINT WARNING * * *
You climb upwards.
There is a stone staircase leading down here.
The sky beast flickers out of sight!
Deactivating autopickup; reactivate with Ctrl-A.
You start resting.
Something hits you.
* * * LOW HITPOINT WARNING * * *
Something shocks you.
You die...

.....# #.# ###.##.# #..###
#.# #.##.# ### #.## #.#
#)##.# ##.# #.# #.##
##.##.## #..[ #.# #..#
#..#)#.## ##.. #.# ##.##
#.#.###.## ### #.#
##...###..## ##.##
#.#######.....##<## ##.#
#.##......>.....@.## ##..#
#....####.....####.###.#.#
#..)...###...## ##.#.##.#
#.####.# ##.## ##.###.#
#.# #.# #.# ### #)# #.##
#.# ##.####### #.# ...#
#.##.#..)..).# #.#
...###.#o.....(.<.#
#.########
.......[..#######.#
#.##......


There were no monsters in sight!

Vanquished Creatures
  An orc priest (D:3)
  An orc wizard (D:4)
  A bullfrog skeleton (D:4)
  2 adders
  A leopard gecko (D:4)
  7 orcs
  6 bats
  2 giant cockroaches
  4 goblins
  7 hobgoblins
  5 jackals
  A quokka (D:4)
  4 frilled lizards
  7 kobolds
  A leopard gecko skeleton (D:4)
  A rat (D:3)
51 creatures vanquished.

Notes
Turn   | Place    | Note
-------+----------+-------------------------------------------
     0 | D:1      | NoWolfie the Human Wanderer began the quest for the Orb.
     0 | D:1      | NoWolfie set off with: a +2 short sword, a potion of lignification, a potion of curing, a +0 robe, a bread ration
     0 | D:1      | Reached XP level 1. HP: 16/16 MP: 1/1
   268 | D:1      | Reached XP level 2. HP: 21/22 MP: 2/2
  1458 | D:2      | Reached XP level 3. HP: 19/28 MP: 3/3
  2411 | D:3      | Reached XP level 4. HP: 33/34 MP: 4/4
  3213 | D:4      | Reached XP level 5. HP: 19/41 MP: 5/5
  3898 | D:4      | Noticed a sky beast
  4134 | D:3      | HP: 2/41 [something (2)]
  4134 | D:3      | Slain by a sky beast

Skill      XL: |  1  2  3  4  5 |
---------------+----------------+-----
Fighting       | 3 |  3.1
Short Blades   | 3 |  3.0
Stealth        | 2 3 |  3.1
Dodging        | 2 |  2.5
Throwing       | |  1.0
Summonings     | |  2.0
Fire Magic     | |  1.0

Action                   |  1- 3 |  4- 6 || total
-------------------------+-------+-------++-------
Melee: Short sword       |    95 |   102 ||   197
Throw: Stone             |     5 |       ||     5
  Use: Potion            |       |     2 ||     2
 Stab: Sleeping          |     5 |       ||     5
  Eat: Fruit             |     1 |       ||     1
       Bread ration      |     1 |     1 ||     2
       Chunk             |       |     3 ||     3
Armor: Robe              |    16 |    14 ||    30
Dodge: Dodged            |    42 |    60 ||   102
